 Dungeon Crawl Stone Soup version 0.20-a0-1006-ge6c5631 (webtiles) character file.

2382 Ordine the Thaumaturge (level 9, 0/63 HPs)
             Began as an Octopode Transmuter on Apr 13, 2017.
             Shot with an arrow by a centaur (11 damage)
             ... on level 7 of the Dungeon.
             The game lasted 00:19:09 (9082 turns).

Ordine the Thaumaturge (Octopode Transmuter)        Turns: 9082, Time: 00:19:10

Health: 0/63       AC: 10    Str:  9    XL:     9   Next: 45%
Magic:  27/30      EV: 10    Int: 19    God:
Gold:   173        SH:  0    Dex: 12    Spells: 17/25 levels left

rFire    x . .     SeeInvis .     - Unarmed
rCold    + + +     Gourm    .   (shield currently unavailable)
rNeg     + . .     Faith    .   (helmet currently unavailable)
rPois    +         Spirit   .   (no amulet)
rElec    .         Reflect  .   e - ring of poison resistance
rCorr    .         Harm     .   h - +4 ring of protection
MR       .....                  j - ring of magical power
Stlth    +.........             s - ring of wizardry
Regen    0.2/turn               u - ring of positive energy
MPRegen  0.3/turn               (no ring)
                                (no ring)
                                (no ring)

@: ice-form
A: almost no armour, stealthy swim, amphibious, 8 rings, (constrict 8)
a: End Transformation


You were on level 7 of the Dungeon.
You were not hungry.
You were a creature of crystalline ice.
You visited 2 branches of the dungeon, and saw 9 of its levels.

You collected 173 gold pieces.

Inventory:

Jewellery
 e - a ring of poison resistance (left front paw)
 h - a +4 ring of protection (right front paw)
 j - a ring of magical power (on tentacle)
 s - a ring of wizardry (on tentacle)
 u - a ring of positive energy (on tentacle)
Scrolls
 i - 3 scrolls of teleportation
 k - a scroll of enchant armour
 l - 4 scrolls of immolation
 o - 3 scrolls of remove curse
 q - 2 scrolls of magic mapping
 w - a scroll of identify
Potions
 d - a potion of mutation
 m - a potion of lignification
 n - 3 potions of agility
 p - a potion of heal wounds
 t - a potion of flight
Books
 b - a book of Changes

   Spells                             Type                      Level
   a - Beastly Appendage              Transmutation                1
   b - Sticks to Snakes               Transmutation                2
   c - Spider Form                    Transmutation/Poison         3
   d - Ice Form                       Ice/Transmutation            4
   e - Blade Hands                    Transmutation                5
 r - Sif Muna's Incunabulum of Dark Arts
   (You found it on level 4 of the Dungeon)

   Spells                             Type                      Level
   a - Pain                           Necromancy                   1
Comestibles
 a - 5 meat rations
 c - 5 bread rations
 f - 8 fruits
 g - a royal jelly
 v - 2 chunks of flesh


   Skills:
 - Level 1.0 Fighting
 - Level 2.0 Dodging
 + Level 6.3 Unarmed Combat
 * Level 8.6 Spellcasting
 + Level 6.5 Transmutations


You had 17 spell levels left.
You knew the following spells:

 Your Spells              Type           Power        Failure   Level  Hunger
a - Spider Form           Tmut/Pois      ###.......   4%          3    None
b - Ice Form              Ice/Tmut       ###.....     12%         4    ###....
h - Beastly Appendage     Tmut           ####..       1%          1    None


Dungeon Overview and Level Annotations

Branches:
Dungeon (8/15)             Temple (1/1) D:6
   Lair: D:8-11

Altars:
Ashenzari
Cheibriados
Dithmenos
Elyvilon
Fedhas
Gozag
Hepliaklqana
Makhleb
Nemelex Xobeh
Okawaru
Qazlal
Ru
Sif Muna
Trog
Uskayaw
Wu Jian
Xom
Yredelemnul
Zin
The Shining One

Shops:
D:7 (


Innate Abilities, Weirdness & Mutations

You cannot wear most types of armour.
You are very stealthy in the water. (Stealth+)
You are amphibious.
You can wear up to eight rings at the same time.
((You can use your tentacles to constrict eight enemies at once.))
((Your skin changes colour to match your surroundings (Stealth+).))
((Your rubbery body absorbs attacks. (AC +1, EV +1)))


Message History

The crimson imp moves out of view.
Casting: Ice Form
Confirm with . or Enter, or press ? or * to list all spells.
You turn into a creature of crystalline ice.
The centaur shouts!
The centaur unwields an uncursed club.
The centaur wields an uncursed shortbow.
The centaur shoots an arrow.
The arrow hits you!
The centaur shoots an arrow.
The arrow hits you!
A centaur comes into view.
You see here an arrow.
The centaur shouts!
The centaur shoots an arrow.
The arrow hits you!
The crimson imp shouts!
A howler monkey zombie comes into view.
The centaur wields a shortbow.
The centaur shoots an arrow.
The arrow hits you!
The centaur shoots an arrow.
The arrow hits you!
* * * LOW HITPOINT WARNING * * *
The centaur shoots an arrow.
The arrow hits you!
You die...

#.# ###..# #.#
##.####### #.#
#.#.....# ... .
#.#.....#
......###.#.....#
.........(..# ##..
........##(.#.....
..
................#
##
....###..Y........
###........c......
..###..<5..##..# .
.......c# .#
#....###Z.# .
...... ....
.....#. .....
.....## .### .


You could see 2 centaurs, a crimson imp and a howler monkey zombie.

Vanquished Creatures
  Grinder (D:6)
  A hippogriff (D:7)
  Menkaure (D:5)
  3 ice beasts
  A sky beast (D:6)
  3 phantoms (D:5)
  A black bear (D:6)
  An ogre (D:5)
  A bullfrog (D:6)
  A water moccasin skeleton (D:6)
  A scorpion (D:5)
  A howler monkey (D:4)
  A crimson imp (D:5)
  A bullfrog zombie (D:7)
  4 orc wizards
  3 bullfrog skeletons
  3 hounds
  A centaur skeleton (D:5)
  Crazy Yiuf (D:2)
  An iguana (D:5)
  5 worker ants
  A killer bee zombie (D:6)
  14 adders
  8 gnolls
  An ooze (D:2)
  An adder zombie (D:6)
  3 adder skeletons
  A worm (D:2)
  A dart slug (D:1)
  4 leopard geckos
  14 orcs
  A ball python (D:1)
  4 giant cockroaches
  8 hobgoblins
  11 jackals
  5 quokkas
  8 bats
  3 frilled lizards
  5 goblins
  11 kobolds
  A leopard gecko zombie (D:6)
  A quokka zombie (D:5)
  10 rats
152 creatures vanquished.

Notes
Turn   | Place    | Note
-------+----------+-------------------------------------------
     0 | D:1      | Ordine the Octopode Transmuter began the quest for the Orb.
     0 | D:1      | Reached XP level 1. HP: 13/13 MP: 3/3
   210 | D:1      | Reached XP level 2. HP: 4/18 MP: 5/5
  1092 | D:1      | Reached XP level 3. HP: 22/23 MP: 7/7
  1120 | D:1      | Learned a level 3 spell: Spider Form
  1381 | D:2      | Reached skill level 3 in Spellcasting
  1820 | D:2      | Found a runed door.
  2251 | D:2      | Reached XP level 4. HP: 23/28 MP: 9/9
  2784 | D:2      | Noticed Crazy Yiuf
  2788 | D:2      | Killed Crazy Yiuf
  3013 | D:3      | Reached XP level 5. HP: 29/33 MP: 10/10
  3475 | D:2      | Reached skill level 4 in Spellcasting
  4056 | D:3      | Learned a level 4 spell: Ice Form
  4120 | D:3      | Reached XP level 6. HP: 27/38 MP: 12/12
  4649 | D:4      | Found a deep blue altar of Sif Muna.
  4666 | D:4      | Reached skill level 5 in Spellcasting
  4672 | D:4      | Identified Sif Muna's Incunabulum of Dark Arts
  5286 | D:5      | Entered Level 5 of the Dungeon
  5387 | D:5      | Found an ornate altar of the Wu Jian Council.
  5387 | D:5      | Noticed a phantom
  5391 | D:5      | Found a shimmering altar of Xom.
  5415 | D:5      | Noticed an ice beast
  5422 | D:5      | Reached XP level 7. HP: 32/43 MP: 12/15
  5568 | D:5      | Reached skill level 6 in Spellcasting
  5714 | D:5      | Noticed Menkaure
  5729 | D:5      | Killed Menkaure
  5729 | D:5      | Reached XP level 8. HP: 18/48 MP: 17/17
  5957 | D:5      | Found a burning altar of Makhleb.
  5969 | D:5      | Reached skill level 5 in Transmutations
  6543 | D:5      | Reached skill level 5 in Unarmed Combat
  6543 | D:5      | Reached skill level 7 in Spellcasting
  7062 | D:5      | Found a stormy altar of Qazlal.
  7062 | D:5      | Found an iron altar of Okawaru.
  7063 | D:5      | Found a glowing silver altar of Zin.
  7065 | D:5      | Found a shattered altar of Ashenzari.
  7653 | D:6      | You fall through a shaft for 2 floors!
  7671 | D:7      | Noticed a hippogriff
  7671 | D:7      | Found Rioceruq's Antique Weapon Boutique.
  8006 | D:7      | Killed a hippogriff
  8111 | D:6      | Reached XP level 9. HP: 41/53 MP: 20/20
  8232 | D:6      | Reached skill level 8 in Spellcasting
  8254 | D:6      | Found a staircase to the Ecumenical Temple.
  8480 | Temple   | Entered the Ecumenical Temple
  8636 | D:6      | Noticed Grinder
  8653 | D:6      | Killed Grinder
  9082 | D:7      | Shot with an arrow by a centaur

Vault maps used:
D:1:      dpeg_arrival_radiant, minmay_split_cup_small
D:2:      uniq_crazy_yiuf_cottage
D:3:      wad_pebble_path
D:4:      led_sif_book
D:5:      cheibrodos_barr_body, minitemple, nicolae_overflow_crystal_walls,
          first_bread, uniq_menkaure
D:6:      minmay_temple_entry_overgrown, uniq_grinder
D:7:      serial_shops, shop, shop, grunt_decor_clamped
D:8:      grunt_temple_overflow_magic_moments, david_lair_generic,
          blue_anna_alchemist, kennysheep_nondescript, small_statue_alley_b,
          minivault_1, uniq_grum
Temple:   minmay_temple_bridge_abc

Skill      XL: |  1  2  3  4  5  6  7  8  9 |
---------------+----------------------------+-----
Spellcasting   | 3 4 5 6 7 8 |  8.6
Transmutations | 3 4 5 6 |  6.5
Unarmed Combat | 4 5 6 |  6.3
Fighting       | |  1.0
Dodging        | |  2.0

Action                   |  1- 3 |  4- 6 |  7- 9 || total
-------------------------+-------+-------+-------++-------
Melee: Unarmed           |    79 |   156 |   276 ||   511
       Constrict         |    26 |    40 |    20 ||    86
       Tentacles         |    12 |    30 |    11 ||    53
       Punch             |     2 |     3 |     1 ||     6
       Kick              |     1 |       |       ||     1
 Cast: Beastly Appendage |     1 |       |       ||     1
       Spider Form       |       |     1 |     3 ||     4
       Ice Form          |       |     1 |    14 ||    15
 Abil: End Transformatio |       |       |     1 ||     1
  Use: Scroll            |     3 |     6 |     6 ||    15
       Potion            |       |     1 |     1 ||     2
 Stab: Sleeping          |     5 |     3 |     1 ||     9
       Distracted        |       |     1 |     1 ||     2
  Eat: Chunk             |     3 |    11 |    15 ||    29
Armor: Skin              |     7 |    30 |    81 ||   118
Dodge: Dodged            |    49 |   103 |   146 ||   298
